 Dungeon Crawl Stone Soup version 0.28-a0-863-g8cecda6153 (webtiles) character file.

Game seed: 6705363649769062809

98 mcbry74 the Chopper (level 4, -1/41 HPs)
             Began as a Hill Orc Fighter on Nov 19, 2021.
             Killed from afar by an orc wizard (2 damage)
             ... with a puff of flame
             ... on level 3 of the Dungeon.
             The game lasted 00:03:39 (2543 turns).

mcbry74 the Chopper (Hill Orc Fighter)              Turns: 2543, Time: 00:03:41

Health: -1/41      AC:  6    Str: 19    XL:     4   Next: 71%
Magic:  4/4        EV:  9    Int:  8    God:
Gold:   68         SH:  0    Dex: 10    Spells: 3/3 levels left

rFire   . . .      SeeInvis .   a - +0 war axe
rCold   + . .      Faith    .   c - +0 buckler
rNeg    . . .      Spirit   .   b - +0 scale mail
rPois   .          Reflect  +   (no helmet)
rElec   .          Harm     .   (no cloak)
rCorr   .          Rampage  .   (no gloves)
Will    .....                   (no boots)
Stlth   ..........              e - amulet of reflection
HPRegen 0.13/turn               l - ring of protection from cold
MPRegen 0.09/turn               (no ring)

@: confused, mighty, lethally poisoned (-1 -> -14)
A: no striking features
a: no special abilities


You were on level 3 of the Dungeon.
You visited 1 branch of the dungeon, and saw 3 of its levels.

You collected 68 gold pieces.

Inventory:

Hand Weapons
 a - a +0 war axe (weapon)
Missiles
 m - 11 poisoned darts (quivered)
Armour
 b - a +0 scale mail (worn)
 c - a +0 buckler (worn)
Jewellery
 e - an amulet of reflection (around neck)
 l - a ring of protection from cold (left hand)
Scrolls
 f - a scroll of fear {unknown}
 h - 2 scrolls of teleportation {unknown}
 k - a scroll of identify {unknown}
Potions
 g - a potion of curing {unknown}
 i - 2 potions of magic {unknown}
 j - a potion of lignification {unknown}


   Skills:
 + Level 4.8 Fighting
 + Level 5.3 Axes
 - Level 3.2 Armour
 - Level 3.2 Shields


You had 3 spell levels left.
You didn't know any spells.
Your spell library was empty.

Dungeon Overview and Level Annotations

Branches:
Dungeon (3/15)

Altars:


Message History

Something tries to affect you, but you resist.
You feel sick.
You feel sick.
You feel sick.
You feel sick.
You feel sick.
You hit something but do no damage.
You feel sick. Something hits you but does no damage.
You are more poisoned.
You miss something.
You feel very sick.
You hear some strange, mumbled words.
You are confused.
Something hits you but does no damage.
You are more poisoned.
You feel very sick.
You feel very sick.
You hear some strange, mumbled words.
You are more confused.
You feel very sick. Something hits you.
You are lethally poisoned!
You completely miss something.
* * * LOW HITPOINT WARNING * * *
You feel very sick. Something hits you.
* * * LOW HITPOINT WARNING * * *
You are more poisoned.
You feel very mighty all of a sudden.
* * * LOW HITPOINT WARNING * * *
You feel very sick.
You hear some strange, mumbled words.
Something tries to affect you, but you resist.
You miss something.
* * * LOW HITPOINT WARNING * * *
You feel very sick.
You hear some strange, mumbled words.
A puff of flame appears from out of thin air!
The puff of flame hits you.
You die...

######### ####.......#
..........# ##.......#
######## #........#
#..>....
###.<†.....####.#[....
#..........)....@....#
#.####.......>.{.....#
#.#.#.##)####...##
#.#.#.##.†)......#
#.#.#.##.........#
#..[#.##.#..#....#
.........#..#....#
######..##...# ....
...#


There were no monsters in sight!

Vanquished Creatures
  A jelly (D:2)
  An adder (D:2)
  2 worms (D:2)
  2 dart slugs (D:1)
  3 orcs (D:3)
  6 endoplasms
  A giant cockroach (D:1)
  5 goblins
  3 hobgoblins
  6 kobolds
  A quokka (D:1)
  3 ball pythons
  4 bats
  A frilled lizard (D:3)
  6 rats
45 creatures vanquished.

Notes
Turn   | Place    | Note
-------+----------+-------------------------------------------
     0 | D:1      | mcbry74 the Hill Orc Fighter began the quest for the Orb.
     0 | D:1      | Reached XP level 1. HP: 19/19 MP: 1/1
    88 | D:1      | Reached skill level 3 in Axes
   319 | D:1      | Reached XP level 2. HP: 17/26 MP: 2/2
   534 | D:1      | Reached skill level 4 in Axes
  1079 | D:1      | Reached XP level 3. HP: 33/33 MP: 3/3
  1993 | D:2      | Reached skill level 5 in Axes
  1993 | D:2      | Reached XP level 4. HP: 31/41 MP: 4/4
  2543 | D:3      | HP: 1/41 [poisoned by an orc wizard]
  2543 | D:3      | Killed from afar by an orc wizard

Illustrated notes

Levels and vault maps discovered:
D:1:      minmay_arrival_floating_metal, layout_basic, st_stairs_2
D:2:      layout_basic, amcnicky_mini_pool_small
D:3:      layout_loops_ring, amethyst_killhole

Skill      XL: |  1  2  3 |
---------------+----------+-----
Axes           | 3 4 5 |  5.3
Fighting       | 4 |  4.8
Armour         | |  3.2
Shields        | |  3.2

Action                   |  1- 3 |  4- 6 || total
-------------------------+-------+-------++-------
Melee: War axe           |    95 |    33 ||   128
  Use: Potion            |       |     1 ||     1
Armor: Scale mail        |    29 |    22 ||    51
Dodge: Dodged            |    29 |    16 ||    45
Block: Buckler           |    34 |    13 ||    47
       Reflection        |       |     1 ||     1

Table legend: (Time is in decaauts)
 A = Elapsed time spent in this place.
 B = Non-inter-level travel time spent in this place.
 C = Inter-level travel time spent in this place.
 D = Time resting spent in this place.
 E = Time spent auto-exploring this place.
 F = Levels seen in this place.
 G = Mean time per level.
                   A        B        C        D        E       F      G
               +--------+--------+--------+--------+--------+-----+--------+
         Total |   2601 |   2547 |     54 |    270 |   1967 |   3 |  867.0 |
       Dungeon |   2601 |   2547 |     54 |    270 |   1967 |   3 |  867.0 |
               +--------+--------+--------+--------+--------+-----+--------+

Top non-repeatable levels by time:
     D:1: 1534 daAuts
     D:2: 1014 daAuts
     D:3: 52 daAuts
